 Dungeon Crawl Stone Soup version 0.29.1-12-g30fa7ad0bf (webtiles) character file.

Game seed: 7834496390055920334

2670 soggyman666 the Thaumaturge (level 9, -4/55 HPs)
             Began as a Djinni Fire Elementalist on Dec 17, 2022.
             Killed from afar by an orc wizard (7 damage)
             ... with a magic dart
             ... on level 7 of the Dungeon.
             The game lasted 00:27:05 (9831 turns).

soggyman666 the Thaumaturge (DjFE)                  Turns: 9831, Time: 00:27:05

Health: -4/55      AC:  6    Str:  7    XL:     9   Next: 95%
Gold:   1603       EV: 13    Int: 20    God:
                   SH:  0    Dex: 15

rFire   + + .      SeeInvis .   a - staff of fire
rCold   x . .      Faith    .   (no shield)
rNeg    . . .      Spirit   .   i - +2 robe "Ligiunie" {+Inv rElec rF- Archmagi}
rPois   ∞          Reflect  .   q - +0 helmet
rElec   +          Harm     .   c - +0 cloak
rCorr   .          Rampage  .   (no gloves)
Will    .....      Archmagi +   (boots unavailable)
Stlth   ++........              (no amulet)
HPRegen 0.18/turn               (no ring)
MPRegen 0.00/turn               (no ring)

@: flying
A: sickness immunity, fire resistance 2, cold vulnerability 1, float, innate
caster, HP casting, extra vitality 1
a: Evoke Invisibility


You were on level 7 of the Dungeon.
You visited 2 branches of the dungeon, and saw 8 of its levels.

You collected 1603 gold pieces.

Inventory:

Missiles
 l - 4 throwing nets
Armour
 c - a +0 cloak (worn)
 i - the +2 robe "Ligiunie" (worn) {+Inv rElec rF- Archmagi}
   (You found it on level 5 of the Dungeon)

   rF:        It makes you vulnerable to fire.
   rElec:     It insulates you from electricity.
   +Inv:      It lets you turn invisible.
   Archmagi:  It increases the power of your magical spells.
 q - a +0 helmet (worn)
Magical Staves
 a - a staff of fire (weapon)
Jewellery
 g - an amulet of reflection
Wands
 j - a wand of flame (27)
 m - a wand of acid (4)
Scrolls
 h - a scroll of blinking {unknown}
 k - a scroll of poison
 n - 6 scrolls of teleportation
 r - a scroll of identify
Potions
 b - 3 potions of curing
 d - a potion of berserk rage {unknown}
 e - a potion of attraction {unknown}
 f - a potion of cancellation {unknown}
 o - a potion of resistance
 p - a potion of flight {unknown}
 u - a potion of magic {unknown}


   Skills:
 + Level 3.0 Dodging
 + Level 2.9 Stealth
 * Level 9.9 Spellcasting


You had 4 spell levels left.
You knew the following spells:

 Your Spells              Type           Power      Damage    Failure   Level
a - Foxfire               Conj/Fire      100%       2x1d9     1%          1
b - Scorch                Fire           100%       2d10      1%          2
c - Conjure Flame         Conj/Fire      84%        6-21      1%          3
d - Inner Flame           Hex/Fire       84%        N/A       1%          3
e - Flame Wave            Conj/Fire      84%        2d18      1%          4
f - Shock                 Conj/Air       100%       1d9       1%          1
g - Call Imp              Summ           65%        N/A       1%          2
h - Stone Arrow           Conj/Erth      100%       3d13      1%          3
i - Olgreb's Toxic Radia  Pois           65%        N/A       1%          4
Your spell library was empty.

Dungeon Overview and Level Annotations

Branches:
Dungeon (7/15)             Temple (1/1) D:5

Altars:
Cheibriados
Dithmenos
Elyvilon
Fedhas
Hepliaklqana
Makhleb
Qazlal
Ru
Trog
Uskayaw
Xom
Yredelemnul
Zin
The Shining One


Innate Abilities, Weirdness & Mutations

You are immune to sickness and miasma.
You are immune to poison.
Your flesh is very heat resistant. (rF++)
You are vulnerable to cold. (rC-)
You float through the air rather than walking.
You learn spells naturally, not from books.
Your magical power is your life essence.
You have superior vitality. (+4 MHP)


Message History

The bolt of acid hits you! The acid corrodes you!
Casting: Inner Flame (safe; 1% risk of failure)
Confirm with . or Enter, or press ? or * to list all spells.
You can't see any susceptible monsters within range! (Use Z to cast anyway.) Unknown command.
You hear a zap.
A bolt of acid appears from out of thin air!
The bolt of acid hits you!
* * * LOW HITPOINT WARNING * * *
Things that are here:
a +0 quarterstaff of speed; 5 stones A puff of flame appears from out of thin air!
The puff of flame hits you. You resist.
* * * LOW HITPOINT WARNING * * *
Casting: Inner Flame (safe; 1% risk of failure)
Confirm with . or Enter, or press ? or * to list all spells.
You feel a surge of power!
A metallic apparition takes form in the air.
* * * LOW HITPOINT WARNING * * *
Casting: Call Imp (safe; 1% risk of failure)
Confirm with . or Enter, or press ? or * to list all spells.
You feel a surge of power!
A metallic apparition takes form in the air.
* * * LOW HITPOINT WARNING * * *
Your iron imp disappears in a puff of smoke!
You swap places.
You are no longer corroded.
You hear a zap.
A bolt of acid appears from out of thin air!
The bolt of acid hits your iron imp! The bolt of acid hits you!
* * * LOW HITPOINT WARNING * * *
You hear a zap.
A bolt of acid appears from out of thin air!
The bolt of acid hits your iron imp! The acid corrodes your iron imp!
Your iron imp dies!
Your iron imp disappears in a puff of smoke!
There is a stone staircase leading up here.
A magic dart appears from out of thin air!
The magic dart hits you!
You die...

*,,,,,,,,,,,* #.# #.##.#,*
*,*********** #.####.#..#,*
*,* #.#.......#,* #.*
#########.#.##.#..#,* #.*
#....>....#.##.#..#,* #.*
#.###.#..##.##.#..#,* #.*
#.#............#..#,* #.*
####'#.........#######.# #.*
#......@...............#
##.###.....##.#####{#########
#...............§............
######......:..######.#######
#.........# #.## #.........#
#..###### #####.....#
##.{..).. #.....#
****#######. #.....#
*,,,,,,,,*#.


There were no monsters in sight!

Vanquished Creatures
  2 wyverns
  2 water moccasins
  An ice beast (D:5)
  A sky beast (D:6)
  2 black bears
  2 ogres (D:5)
  A centaur (D:6)
  A phantom (D:5)
  A kobold brigand (D:7)
  2 bullfrogs (D:6)
  4 scorpions
  A killer bee (D:4)
  4 howler monkeys
  5 orc priests
  4 hounds
  2 jellies
  4 iguanas
  3 orc wizards
  16 gnolls
  7 adders
  A white imp (D:7)
  2 ufetubi (D:6)
  4 worms
  3 dart slugs
  19 orcs
  5 endoplasms
  6 giant cockroaches
  10 goblins
  5 hobgoblins
  9 jackals
  13 kobolds
  6 ball pythons
  4 bats
  A frilled lizard (D:3)
  6 rats
159 creatures vanquished.

Vanquished Creatures (collateral kills)
  A jackal (D:5)
1 creature vanquished.

Vanquished Creatures (others)
  404 foxfires
404 creatures vanquished.

Grand Total: 564 creatures vanquished

Notes
Turn   | Place    | Note
-------+----------+-------------------------------------------
     0 | D:1      | soggyman666 the Djinni Fire Elementalist began the quest
                  | for the Orb.
     0 | D:1      | soggyman666 set off with the following spells memorised:
                  | Foxfire, Scorch, Conjure Flame, Inner Flame, Flame Wave.
     0 | D:1      | Reached XP level 1. HP: 15/15 MP: 0/0
   433 | D:1      | Reached XP level 2. HP: 19/21 MP: 0/0
   725 | D:1      | Reached skill level 3 in Spellcasting
   926 | D:1      | Reached XP level 3. HP: 12/25 MP: 0/0
   926 | D:1      | Learned a level 1 spell: Shock
  1959 | D:2      | Reached XP level 4. HP: 27/31 MP: 0/0
  3078 | D:3      | Reached XP level 5. HP: 32/35 MP: 0/0
  3078 | D:3      | Learned a level 2 spell: Call Imp
  3080 | D:3      | Reached skill level 4 in Spellcasting
  3552 | D:3      | Found a basalt altar of Yredelemnul.
  3610 | D:3      | Found a hazy altar of Hepliaklqana.
  3645 | D:3      | Reached XP level 6. HP: 38/40 MP: 0/0
  4022 | D:3      | Found a hide-covered altar of Uskayaw.
  4031 | D:4      | Reached skill level 5 in Spellcasting
  4361 | D:4      | Noticed a water moccasin
  4369 | D:4      | Killed a water moccasin
  4370 | D:4      | Reached XP level 7. HP: 10/45 MP: 0/0
  4370 | D:4      | Learned a level 3 spell: Stone Arrow
  4374 | D:4      | You are sucked into a shaft and drop 3 floors!
  4635 | D:7      | Identified a scroll of acquirement
  4635 | D:7      | Acquired 1211 gold pieces
  4932 | D:6      | HP: 2/45 [centaur/arrow (12)]
  4935 | D:6      | Reached skill level 6 in Spellcasting
  5258 | D:6      | Reached XP level 8. HP: 44/50 MP: 0/0
  5274 | D:5      | Entered Level 5 of the Dungeon
  5559 | D:5      | Identified the +2 robe "Ligiunie" {+Inv rElec rF- Archmagi}
  5578 | D:5      | Reached skill level 7 in Spellcasting
  5687 | D:5      | Found a staircase to the Ecumenical Temple.
  5701 | Temple   | Entered the Ecumenical Temple
  6696 | D:4      | Reached skill level 8 in Spellcasting
  6809 | D:4      | Reached XP level 9. HP: 50/55 MP: 0/0
  6809 | D:4      | Learned a level 4 spell: Olgreb's Toxic Radiance
  8350 | D:6      | Reached skill level 9 in Spellcasting
  9026 | D:6      | Found a blossoming altar of Fedhas.
  9827 | D:7      | HP: 2/55 [something/bolt of acid (10)]
  9831 | D:7      | Killed from afar by an orc wizard

Illustrated notes

Levels and vault maps discovered:
D:1:      psy_arrival_spokes, layout_basic, chequers_mini_garden
D:2:      layout_rooms, st_stairs_11
D:3:      layout_rooms, nicolae_overflow_crystal_walls,
          mainiacjoe_overflow_alcove_2, general_overflow_altar,
          supply_closet_lemuel
D:4:      layout_basic, kennysheep_small_spiral, minmay_small_thing
D:5:      layout_rooms, temple_statues
D:6:      layout_loops_ring, marbit_many_paths, minmay_bent
D:7:      layout_basic, okawaru_ov_weapons_minmay
Temple:   nicolae_temple_bog_church

Skill      XL: |  1  2  3  4  5  6  7  8  9 |
---------------+----------------------------+-----
Spellcasting   | 3 4 5 6 8 9 |  9.9
Stealth        | 2 |  2.9
Dodging        | 3 |  3.0

Action                   |  1- 3 |  4- 6 |  7- 9 || total
-------------------------+-------+-------+-------++-------
 Cast: Foxfire           |    70 |    98 |    73 ||   241
       Scorch            |     8 |    25 |    28 ||    61
       Shock             |    10 |     4 |    30 ||    44
       Inner Flame       |       |     3 |    38 ||    41
       Call Imp          |       |     2 |     8 ||    10
       Conjure Flame     |       |     1 |     5 ||     6
       Stone Arrow       |       |       |     1 ||     1
       Flame Wave        |       |       |     1 ||     1
       Olgreb's Toxic Ra |       |       |     7 ||     7
  Use: Scroll            |       |     5 |    13 ||    18
Armor: Robe              |     1 |     1 |     4 ||     6
Dodge: Dodged            |     7 |     4 |    17 ||    28
